Mourne, chaotic male human Priest ------- ......| | |....%- ..........| |<.{%.| | ` |..)..| #[-.[@..| % ------- ### Mourne the Adept Experience level: 6 Strength: 15 Dexterity: 12 Constitution: 14 Intelligence: 8 Wisdom: 18 Charisma: 11 Health: 0(40) Energy: 9(104) Def: 3 Gold: 1476 Moves: 2447 Dungeon seed: fk6WtCx4y2DtjevO Game ID: Mourne_1520871635 Your Inventory: Coins $ - 1476 gold pieces Weapons a - a blessed +1 mace (weapon in hand) Armor e - an uncursed +0 robe (being worn) n - an uncursed +0 small shield (being worn) z - an uncursed +0 mummy wrapping Comestibles c - an uncursed clove of garlic d - an uncursed sprig of wolfsbane i - an uncursed orange s - 2 uncursed fortune cookies v - 3 uncursed food rations Scrolls j - an uncursed scroll of charging k - a cursed scroll of identify y - an uncursed scroll of punishment C - an uncursed scroll of enchant armor J - a blessed scroll of identify P - 2 cursed scrolls of light Spellbooks m - an uncursed spellbook of create monster Potions b - 3 potions of holy water o - an uncursed potion of monster detection r - an uncursed potion of healing u - 2 uncursed potions of object detection w - an uncursed potion of full healing F - an uncursed potion of hallucination G - an uncursed potion of sickness K - a cursed potion of healing M - a cursed potion of gain level O - a cursed potion of hallucination Q - 4 potions of unholy water Rings L - an uncursed ring of polymorph control S - an uncursed ring of cold immunity Wands D - a blessed wand of magic missile (0:5) E - an uncursed wand of magic missile (0:8) Tools h - an uncursed oil lamp (0:1459) A - an uncursed skeleton key B - an uncursed expensive camera (0:87) T - a blessed +0 unicorn horn Spells and supernatural/magical abilities: Name Level Category Fail Memory c - cause fear 3 enchantment 64% 100% h - healing 1 healing 0% 99% k - knock 1 matter 0% 99% O - create monster 2 clerical 0% 99% W - pray for help -- divine ? -- X - turn undead -- divine ? -- Your skills at the end: Fighting Skills wands [Basic] Weapon Skills mace [Skilled] Spellcasting Skills clerical spells [Basic] Final Attributes: You were telepathic. You were very lucky. You are dead. Vanquished creatures: a ghost 2 wolves a dwarf mummy a lizard a housecat a dwarf lord a blue jelly a white unicorn a dust vortex a raven a rope golem 2 shriekers 2 violet fungi a gnome lord a kobold mummy 2 elf zombies 3 giant ants a little dog a floating eye a kobold lord 2 kobold shamans a giant bat a wererat a werejackal 3 iguanas 4 coyotes 5 manes 2 large kobolds a hobgoblin a brown mold a yellow mold a gnome 5 geckos 11 jackals a fox 2 kobolds 2 goblins 3 sewer rats 10 grid bugs 5 bats 2 lichens a kobold zombie 2 newts 93 creatures vanquished. Voluntary challenges: You had been an atheist until turn 1859. You used a wielded weapon 125 times, starting on turn 44. You read items or engraved 14 times, starting on turn 1466. You never genocided any monsters. You never polymorphed an object. You never changed form. You used no wishes. You never split a pudding. You never wrote Elbereth's name. You never violated your personal moral code. Dungeon overview: The Dungeons of Doom: levels 1 to 8 Level 1 a vault a long staircase Level 2 a fountain Level 3 Level 4 many fountains a long staircase Level 5 a vault Level 6 Level 7 a long staircase Level 8 <- You were here an altar to Huhetotl, a fountain History has recorded: On T:1 you entered the Dungeons of Doom to retrieve the Amulet of Yendor! On T:267 you reached level 2 of The Dungeons of Doom. On T:422 you advanced to experience level 2. On T:554 you reached level 3 of The Dungeons of Doom. On T:571 you advanced to experience level 3. On T:804 you reached level 4 of The Dungeons of Doom. On T:1100 you reached level 5 of The Dungeons of Doom. On T:1219 you advanced to experience level 4. On T:1310 you reached level 6 of The Dungeons of Doom. On T:1897 you reached level 7 of The Dungeons of Doom. On T:1920 you advanced to experience level 5. On T:2147 you reached level 8 of The Dungeons of Doom. On T:2340 you advanced to experience level 6. Score breakdown: Gold: 1476 (10781 points) Experience: 6 levels (12456 points) Exploration: 8 levels ( 16.67%) (11577 points) Discoveries: 4 items ( 1.33%) ( 3464 points) Valuables value: (no points given unless you survive) Artifact value: 0 ( 0 points) Variety of kills: 43 monsters ( 11.32%) (10091 points) Turncount: 2447 turns ( -298 points) Survival: died (score multiplied by 80%) Total score: 38456 Latest messages: The rope golem hits! (2x) The rope golem grabs you! You hit the rope golem! The rope golem hits! (2x) You are being choked. You hit the rope golem! The rope golem hits! (2x) You are being choked. You feel better. You feel better. The rope golem hits! (2x) You are being choked. The magic missile hits the rope golem! The rope golem is destroyed by the magic missile! The magic missile hits you! You are caught in the magical blast! Final status: Goodbye Mourne the Priest, caught himself in his own magical blast... You died in The Dungeons of Doom on dungeon level 8 with 38456 points, and 1476 pieces of gold, after 2447 moves. You were level 6 with a maximum of 40 hit points when you died.